 Dungeon Crawl Stone Soup version 0.31-a0-150-g89dc3ad700 (webtiles) character file.

Game seed: 6301413711848896490

151 qw the Shooter (level 5, -3/32 HPs)
             Began as a Gargoyle Hunter on June 8, 2023.
             Killed by divine providence
             ... invoked by an orc priest
              (11 damage)
             ... on level 3 of the Dungeon.
             The game lasted 00:00:55 (1577 turns).

qw the Shooter (Gargoyle Hunter)                    Turns: 1577, Time: 00:00:56

Health: -3/32      AC: 11    Str: 15    XL:     5   Next: 33%
Magic:  5/5        EV: 11    Int:  9    God:
Gold:   148        SH:  0    Dex: 15    Spells: 4/4 levels left

rFire   . . .        Y - +0 shortbow
rCold   . . .        (shield currently unavailable)
rNeg    + . .        m - +0 ring mail
rPois   inf          (no helmet)
rElec   +            (no cloak)
rCorr   .            f - +0 pair of gloves
SInv    .            g - +0 pair of boots
Will    .....        d - amulet of faith
Stlth   +            (no ring)
HPRegen 0.25/turn    (no ring)
MPRegen 0.09/turn

%: faith
@: no status effects
A: sickness immunity, AC +4, negative energy resistance 1, electricity
resistance, torment resistance 1, petrification resistance
a: no special abilities


You were on level 3 of the Dungeon.
You visited 1 branch of the dungeon, and saw 3 of its levels.

You collected 148 gold pieces.


Innate Abilities, Weirdness & Mutations

You are immune to sickness and miasma.
Your stone body is resilient. (AC +4)
You are immune to poison.
You resist negative energy. (rN+)
You are resistant to electric shocks. (rElec)
You are resistant to unholy torment.
You are immune to petrification.


   Skills:
 + Level 3.1 Fighting
 - Level 6.0 Ranged Weapons
 - Level 1.0 Armour
 - Level 1.5 Dodging
 - Level 1.1 Stealth


You had 4 spell levels left.
You didn't know any spells.
Your spell library was empty.

Inventory:

Hand Weapons
 Y - a +0 shortbow (weapon)
Armour
 f - a +0 pair of gloves (worn)
 g - a +0 pair of boots (worn)
 m - a +0 ring mail (worn)
Jewellery
 d - an amulet of faith (around neck)
 i - an amulet of guardian spirit
Wands
 b - a wand of digging (3)
Scrolls
 a - a scroll of identify
Potions
 c - a potion of mutation {unknown}
 e - a potion of lignification {unknown}
 h - a potion of enlightenment {unknown}
 n - a potion of ambrosia {unknown}

Dungeon Overview and Level Annotations

Branches:
Dungeon (3/15)

Altars:
Trog
The Shining One

Annotations:
D:3 1 runed translucent door, qw's ghost, amateur GrHu


Message History

The arrow hits the orc.
The orc is lightly wounded.
The orc priest hits you but does no damage.
You shoot an arrow.
The arrow hits the orc priest but does no damage.
The orc priest is lightly wounded.
The orc priest hits you but does no damage.
You shoot an arrow. The arrow barely misses the orc priest.
The arrow hits the orc.
The orc is moderately wounded.
The orc priest calls down the wrath of Beogh upon you.
Beogh smites you!
You shoot an arrow.
The arrow hits the orc priest but does no damage.
The orc priest is lightly wounded.
The orc priest hits you but does no damage.
The orc priest closely misses you.
You shoot an arrow. The arrow hits the orc.
The orc is severely wounded.
The orc priest hits you but does no damage.
The orc completely misses you.
You shoot an arrow. The arrow hits the orc.
You kill the orc!
The orc priest hits you but does no damage.
You shoot an arrow. The arrow barely misses the orc priest.
The orc priest calls down the wrath of Beogh upon you.
Beogh smites you!
You shoot an arrow.
The arrow closely misses the orc priest.
The orc priest closely misses you.
The orc priest hits you with a +0 dagger.
You shoot an arrow.
The arrow hits the orc priest but does no damage.
The orc priest is lightly wounded.
The orc priest closely misses you.
You shoot an arrow. The arrow hits the orc priest.
The orc priest is lightly wounded.
The orc priest calls down the wrath of Beogh upon you.
Beogh smites you!
You die...

#.......#
#####...#########
#...#...#..#.....
..P........+~~~~)
#...#......#?.W..
#####...#..######
#####.### #...##
###)@# ##o).#
#.### #)# ... .%.
...# ..?.#


You could see an orc priest.

Vanquished Creatures
  8 adders
  A worm (D:3)
  A dart slug (D:2)
  8 orcs (D:3)
  3 ball pythons
  8 endoplasms
  2 giant cockroaches
  12 hobgoblins
  3 quokkas
  A bat (D:2)
  2 frilled lizards
  5 goblins
  4 kobolds (D:2)
  6 rats
64 creatures vanquished.

Notes
Turn   | Place    | Note
-------+----------+-------------------------------------------
     0 | D:1      | qw the Gargoyle Hunter began the quest for the Orb.
     0 | D:1      | Reached XP level 1. HP: 12/12 MP: 1/1
     0 | D:1      | 0 ||| qw: Version: 0.2-a-120-gdf1a93b
     0 | D:1      | 0 ||| qw: Game counter: 2982
     0 | D:1      | 0 ||| qw: Always use a shield: true
     0 | D:1      | 0 ||| qw: God list: Okawaru
     0 | D:1      | 0 ||| qw: Allow faded altars: false
     0 | D:1      | 0 ||| qw: Do Orc after D:15 true
     0 | D:1      | 0 ||| qw: Do second Lair branch before Depths: true
     0 | D:1      | 0 ||| qw: Lair rune preference: random
     0 | D:1      | 0 ||| qw: Plans: Normal
     0 | D:1      | 0 ||| PLANNING D:1-11
    93 | D:1      | Reached XP level 2. HP: 17/17 MP: 2/2
   267 | D:1      | Reached XP level 3. HP: 21/21 MP: 3/3
   454 | D:1      | 454 ||| UPGRADING to +0 pair of gloves.
   459 | D:1      | 459 ||| UPGRADING to +0 pair of boots.
   464 | D:1      | 464 ||| UPGRADING to amulet of faith.
   469 | D:1      | 469 ||| READING scroll labelled NUDDI EMULEZ.
   470 | D:1      | 470 ||| READING scroll labelled ZUNOPAURHE.
   471 | D:1      | 471 ||| DROPPING scroll of butterflies.
   510 | D:2      | Reached skill level 5 in Ranged Weapons
   527 | D:2      | 527 ||| FLEEEEING.
   528 | D:2      | 528 ||| FLEEEEING.
   587 | D:2      | Reached skill level 3 in Fighting
   587 | D:2      | Reached XP level 4. HP: 27/28 MP: 4/4
   633 | D:2      | Reached skill level 1 in Armour
  1029 | D:2      | Reached XP level 5. HP: 22/32 MP: 5/5
  1175 | D:2      | 1175 ||| UPGRADING to +0 ring mail.
  1185 | D:2      | 1185 ||| DROPPING +0 leather armour.
  1186 | D:2      | 1186 ||| READING scroll labelled ZIBBUI QAUBB.
  1189 | D:2      | 1189 ||| READING scroll labelled SESSIN DUNU.
  1190 | D:2      | 1190 ||| READING scroll labelled XOBBEQOILA.
  1191 | D:2      | 1191 ||| READING scroll labelled QOVEDD QARCH.
  1192 | D:2      | 1192 ||| READING scroll labelled BOFYIC YSHUYQU.
  1193 | D:2      | 1193 ||| DRINKING 2 amethyst potions.
  1297 | D:2      | 1297 ||| DROPPING potion of berserk rage.
  1379 | D:3      | Found a glowing golden altar of the Shining One.
  1461 | D:3      | Found a bloodstained altar of Trog.
  1549 | D:3      | Found a runed translucent door.
  1552 | D:3      | Noticed qw's ghost (amateur GrHu)
  1563 | D:3      | Reached skill level 6 in Ranged Weapons
  1575 | D:3      | HP: 7/32 [orc priest/+0 dagger (2)]
  1577 | D:3      | Killed from afar by an orc priest

Levels and vault maps discovered:
D:1:      dpeg_arrival_fog, layout_rooms
D:2:      layout_basic
D:3:      layout_basic, tso_metal_star, old_standard_altar, elyvilon_altar_1,
          ebering_ghost_reflecting_pool, uniq_ijyb

Skill      XL: |  1  2  3  4  5 |
---------------+----------------+-----
Ranged Weapons | 5 6 |  6.0
Fighting       | 3 |  3.1
Armour         | 1 |  1.0
Dodging        | |  1.5
Stealth        | |  1.1

Action                     |  1- 3 |  4- 6 || total
---------------------------+-------+-------++-------
   Fire: Shortbow          |   110 |   132 ||   242
    Use: Scroll            |     2 |     5 ||     7
         Potion            |       |     1 ||     1
 Armour: Leather armour    |    24 |    11 ||    35
         Ring mail         |       |    13 ||    13
  Dodge: Dodged            |    30 |    21 ||    51

Table legend:
 A = Non-vault XP
 B = Vault XP
 C = Vault XP percentage of total XP
 D = Non-vault monster count
 E = Vault monster count
 F = Vault count percentage of total count
                 A         B        C        D         E       F
            +---------+---------+-------+---------+---------+-------
      Total |     216 |       0 |   0.0 |      64 |       0 |   0.0
            +---------+---------+-------+---------+---------+-------
        D:1 |      35 |       0 |   0.0 |      20 |       0 |   0.0
        D:2 |     132 |       0 |   0.0 |      29 |       0 |   0.0
        D:3 |      49 |       0 |   0.0 |      15 |       0 |   0.0
            +---------+---------+-------+---------+---------+-------
